 Dungeon Crawl Stone Soup version 0.28-a0-556-gab23d0e057 (webtiles) character file.

Game seed: 9870372252286106931

907 miscthings the Cleaver (level 8, -3/69 HPs)
             Began as a Naga Fighter on Sept 28, 2021.
             Was a Follower of Okawaru.
             Slain by a scorpion (6 damage)
             ... on level 4 of the Dungeon.
             The game lasted 00:06:05 (4714 turns).

miscthings the Cleaver (Naga Fighter)               Turns: 4714, Time: 00:06:05

Health: -3/69      AC:  8    Str: 20    XL:     8   Next: 8%
Magic:  8/8        EV: 11    Int:  9    God:    Okawaru [*.....]
Gold:   191        SH:  4    Dex: 11    Spells: 7/7 levels left

rFire   . . .      SeeInvis +   a - +1 war axe
rCold   . . .      Faith    .   c - +0 buckler
rNeg    . . .      Spirit   .   b - +0 scale mail
rPois   +          Reflect  .   m - +1 helmet
rElec   .          Harm     .   (no cloak)
rCorr   .          Rampage  .   (no gloves)
Will    +....                   (no barding)
Stlth   ..........              (no amulet)
HPRegen 0.21/turn               k - +4 ring of evasion
MPRegen 0.11/turn               (no ring)

@: short of breath, very slow
A: AC +2, large, see invisible, deformed body, poison resistance, slowness 2,
spit poison 1, naga tail 1
a: Spit Poison, Renounce Religion, Heroism


You were on level 4 of the Dungeon.
You worshipped Okawaru.
Okawaru was aware of your devotion.
You visited 2 branches of the dungeon, and saw 6 of its levels.

You collected 191 gold pieces.

Inventory:

Hand Weapons
 a - a +1 war axe (weapon)
Missiles
 s - 2 throwing nets
Armour
 b - a +0 scale mail (worn)
 c - a +0 buckler (worn)
 m - a +1 helmet (worn)
Jewellery
 k - a +4 ring of evasion (left hand)
 n - a +4 ring of protection
Scrolls
 e - a scroll of identify {@r1}
 f - a scroll of enchant weapon
 g - 3 scrolls of immolation
 j - a scroll of fog
 l - 2 scrolls of enchant armour {unknown}
 o - 2 scrolls of summoning
 q - a scroll of fear
Potions
 d - 2 potions of might
 h - a potion of curing
 p - a potion of heal wounds
 r - 2 potions of attraction {unknown}


   Skills:
 - Level 3.0 Fighting
 + Level 9.2 Axes
 - Level 2.4 Armour
 - Level 2.4 Shields


You had 7 spell levels left.
You didn't know any spells.
Your spell library contained the following spells:

 Spells                   Type           Power      Damage    Failure   Level
 Beastly Appendage        Tmut           0%         N/A       75%         1
 Slow                     Hex            0%         N/A       87%         2
 Wereblood                Tmut           0%         N/A       87%         2
 Confusing Touch          Hex            0%         N/A       98%         3
 Spider Form              Tmut/Pois      0%         N/A       98%         3
 Vampiric Draining        Necr           0%         2d6       98%         3


Dungeon Overview and Level Annotations

Branches:
Dungeon (5/15)             Temple (1/1) D:5

Altars:
Ashenzari
Cheibriados
Dithmenos
Elyvilon
Fedhas
Gozag
Hepliaklqana
Kikubaaqudgha
Makhleb
Nemelex Xobeh
Okawaru
Qazlal
Ru
Sif Muna
Trog
Uskayaw
Wu Jian
Xom
The Shining One


Innate Abilities, Weirdness & Mutations

Your serpentine skin is tough. (AC +2)
You have supernaturally acute eyesight. (SInv)
Armour fits poorly on your strangely shaped body.
Your system is resistant to poisons. (rPois)
You cover ground very slowly.
You can spit poison.
You have a snake-like lower body.


Message History

You barely miss the orc. The orc hits you but does no damage.
The phantom hits you.
* * * LOW HITPOINT WARNING * * *
The orc wizard points at you and mumbles some strange words.
The magic dart hits you.
* * * LOW HITPOINT WARNING * * *
The orc hits you with a +0 hand axe.
* * * LOW HITPOINT WARNING * * *
The scorpion stings you but does no damage.
You block the scorpion's attack.
The orc wizard gestures wildly while chanting.
The orc wizard flickers and vanishes for a moment.
The orc misses you. The scorpion stings you.
* * * LOW HITPOINT WARNING * * *
There is a stone staircase leading up, spattered with blood here.
The scorpion closely misses you. You block the orc's attack.
You climb upwards.
There is a stone staircase leading down here.
Okay, then.
Abil: Spit Poison
Press: ? - help, Q - select action, (/) - cycle Shift-Dir - straight line, f - scorpion
Aim: a scorpion The splash of poison hits the scorpion.
The scorpion is moderately wounded.
The scorpion stings you but does no damage.
You block the orc's attack.
You slash the scorpion!
The scorpion is severely wounded.
You hit the orc. The scorpion closely misses you.
The orc hits you with a +0 hand axe.
* * * LOW HITPOINT WARNING * * *
You hit the scorpion.
The scorpion is almost dead.
You slash the orc!
You kill the orc!
Okawaru accepts your kill. The scorpion stings you.
* * * LOW HITPOINT WARNING * * *
The scorpion stings you.
You die...

#.#.....'.#.......#
#.#.....#.#.......#
#.#.....#.'.......#
..#>....#.#.......#
###.....#.#.......#
#....(+.#.......#
#.....###.......#
####.....(........#
...............s@.#
.###.##........)..#
.###.######.......#
..##.##############
#.##..............#
#.##..............#
#.##..............#
#.##..............#
#.#...............#


You could see a scorpion.

Vanquished Creatures
  An ice beast (D:5)
  2 black bears (D:4)
  A necrophage (D:5)
  An ogre (D:5)
  Blork the orc (D:4)
  A scorpion (D:5)
  A wyvern skeleton (D:5)
  A gnoll shaman (D:5)
  An iguana (D:2)
  6 gnolls (D:5)
  9 adders
  An ufetubus (D:4)
  An adder skeleton (D:4)
  3 worms
  3 dart slugs
  6 orcs
  4 ball pythons
  6 bats
  7 endoplasms
  A giant cockroach (D:3)
  4 hobgoblins
  A quokka (D:1)
  10 goblins
  4 kobolds
  A quokka skeleton (D:4)
  6 rats
83 creatures vanquished.

Vanquished Creatures (others)
  11 plants
11 creatures vanquished.

Grand Total: 94 creatures vanquished

Notes
Turn   | Place    | Note
-------+----------+-------------------------------------------
     0 | D:1      | miscthings the Naga Fighter began the quest for the Orb.
     0 | D:1      | Reached XP level 1. HP: 21/21 MP: 1/1
   329 | D:1      | Found a faded altar of an unknown god.
   382 | D:1      | Reached XP level 2. HP: 26/28 MP: 2/2
   492 | D:1      | Reached skill level 3 in Axes
  1059 | D:2      | Reached XP level 3. HP: 27/34 MP: 3/3
  1436 | D:2      | Reached skill level 4 in Axes
  1557 | D:2      | Reached XP level 4. HP: 30/42 MP: 4/4
  1964 | D:3      | Reached skill level 5 in Axes
  2095 | D:3      | Reached XP level 5. HP: 49/49 MP: 5/5
  2487 | D:3      | Found an opulent altar of Gozag.
  2487 | D:3      | Found a sparkling altar of Nemelex Xobeh.
  2949 | D:4      | Noticed a black bear
  2968 | D:4      | Killed a black bear
  2969 | D:4      | Reached skill level 6 in Axes
  2969 | D:4      | Reached XP level 6. HP: 39/56 MP: 6/6
  3468 | D:4      | Noticed a black bear
  3478 | D:4      | Killed a black bear
  3672 | D:4      | Noticed Blork the orc
  3687 | D:4      | Killed Blork the orc
  3688 | D:4      | Reached skill level 7 in Axes
  3688 | D:4      | Reached XP level 7. HP: 33/62 MP: 7/7
  3963 | D:5      | Entered Level 5 of the Dungeon
  3963 | D:5      | Found a staircase to the Ecumenical Temple.
  4037 | Temple   | Entered the Ecumenical Temple
  4135 | Temple   | Became a worshipper of Warmaster Okawaru
  4266 | D:5      | Reached skill level 8 in Axes
  4684 | D:5      | Reached * piety under Okawaru
  4685 | D:5      | Reached skill level 9 in Axes
  4685 | D:5      | Reached XP level 8. HP: 29/69 MP: 8/8
  4714 | D:4      | HP: 3/69 [scorpion (3)]
  4714 | D:4      | Slain by a scorpion

Illustrated notes

Levels and vault maps discovered:
D:1:      dpeg_arrival_castle, layout_basic, ebering_ecumenical_altar_webs,
          minmay_tromino_mix6
D:2:      layout_basic
D:3:      layout_basic, grunt_temple_overflow_opulence, serial_bayou_crossing
D:4:      layout_basic, corner_web_ring, guppyfry_early_lair_pool,
          uniq_blork_the_orc
D:5:      layout_basic, mainiacjoe_overflow_catwalk_spiral, temple_statues,
          serial_shops, shop
Temple:   minmay_temple_bridge_d

Skill      XL: |  1  2  3  4  5  6  7 |
---------------+----------------------+-----
Axes           | 3 4 5 6 7 9 |  9.2
Fighting       | |  3.0
Armour         | |  2.4
Shields        | |  2.4

Action                   |  1- 3 |  4- 6 |  7- 9 || total
-------------------------+-------+-------+-------++-------
Melee: War axe           |    95 |   121 |    80 ||   296
 Abil: Spit Poison       |       |     9 |    14 ||    23
  Use: Scroll            |       |     8 |       ||     8
       Potion            |       |       |     1 ||     1
Armor: Scale mail        |    50 |    47 |    26 ||   123
Dodge: Dodged            |    30 |    70 |    36 ||   136
Block: Buckler           |    22 |    22 |    11 ||    55

Table legend: (Time is in decaauts)
 A = Elapsed time spent in this place.
 B = Non-inter-level travel time spent in this place.
 C = Inter-level travel time spent in this place.
 D = Time resting spent in this place.
 E = Time spent auto-exploring this place.
 F = Levels seen in this place.
 G = Mean time per level.
                   A        B        C        D        E       F      G
               +--------+--------+--------+--------+--------+-----+--------+
         Total |   5780 |   5526 |    254 |   1801 |   2760 |   6 |  963.3 |
       Dungeon |   5541 |   5419 |    122 |   1801 |   2673 |   5 | 1108.2 |
        Temple |    239 |    107 |    132 |      0 |     86 |   1 |  239.0 |
               +--------+--------+--------+--------+--------+-----+--------+

Top non-repeatable levels by time:
     D:4: 1468 daAuts
     D:1: 1443 daAuts
     D:3: 1165 daAuts
     D:2: 801 daAuts
     D:5: 662 daAuts
  Temple: 239 daAuts
